 Dungeon Crawl Stone Soup version 0.19.5 (webtiles) character file.

254 McKennaii the Skirmisher (level 5, -6/42 HPs)
             Began as a Demonspawn Abyssal Knight on Apr 27, 2017.
             Was a Believer of Lugonu.
             Killed by divine providence
             ... invoked by an orc priest
              (9 damage)
             ... on level 4 of the Dungeon.
             The game lasted 00:06:10 (2071 turns).

McKennaii the Skirmisher (DsAK)                     Turns: 2071, Time: 00:06:11

Health: -6/42      AC:  9    Str: 18    XL:     5   Next: 91%
Magic:  7/7        EV: 11    Int: 13    God:    Lugonu [**....]
Gold:   307        SH:  6    Dex: 13    Spells: 0 memorised, 4 levels left

rFire  . . .     SeeInvis .     a - +1 falchion
rCold  + . .     Gourm    .     t - +0 ring mail
rNeg   . . .     Faith    .     (no shield)
rPois  .         Spirit   .     (no helmet)
rElec  .         Reflect  .     (no cloak)
rCorr  +         Harm     .     i - +0 pair of gloves
MR     .....                    s - +2 pair of boots
Stlth  +.........               k - amulet of rage
                                u - ring of resist corrosion
                                l - ring of protection from cold

@: mighty
A: large bone plates 2, demonic guardian 1, powered by pain 1
a: Depart the Abyss, Bend Space, Renounce Religion, Evoke Berserk Rage


You were on level 4 of the Dungeon.
You worshipped Lugonu.
Lugonu was pleased with you.
You were not hungry.

You visited 1 branch of the dungeon, and saw 4 of its levels.
You visited the Abyss 1 time.

You collected 307 gold pieces.

Inventory:

Hand Weapons
 a - a +1 falchion (weapon)
Armour
 i - a +0 pair of gloves (worn)
 s - a +2 pair of boots (worn)
 t - a +0 ring mail (worn)
Jewellery
 k - an amulet of rage (around neck)
 l - a ring of protection from cold (left hand)
 u - a ring of resist corrosion (right hand)
Wands
 f - a wand of disintegration (16/24)
 q - a wand of iceblast (7/15)
Scrolls
 b - 5 scrolls of teleportation
 e - 2 scrolls of identify
 j - 2 scrolls of remove curse
 o - 2 scrolls of amnesia {unknown}
 r - a scroll of blinking {unknown}
 v - a scroll of immolation {unknown}
Potions
 d - a potion of heal wounds
 h - a potion of flight
 n - a potion of haste {unknown}
 p - a potion of lignification {unknown}
Comestibles
 c - 4 bread rations
 m - a royal jelly


   Skills:
 + Level 4.1 Fighting
 + Level 3.7 Long Blades
 + Level 2.9 Armour
 + Level 1.6 Dodging
 + Level 1.0 Stealth
 + Level 3.0 Invocations


You had 4 spell levels left.
You didn't know any spells.

Dungeon Overview and Level Annotations

Branches:
Dungeon (4/15)
 Temple: D:4-7

Altars:
Dithmenos
Uskayaw
Yredelemnul


Innate Abilities, Weirdness & Mutations

You are mostly covered in large bone plates. (SH +6)
A weak demonic guardian rushes to your aid.
You sometimes gain a little power by taking damage.


Message History

You hit the orc.
The orc is almost dead.
You block the orc's attack.
You completely miss the orc.
The orc is almost dead.
The orc hits you but does no damage.
The orc priest mumbles some strange prayers to Beogh against you.
Beogh smites you!
You barely miss the orc.
The orc is almost dead.
Your quasit disappears in a puff of smoke!
The orc barely misses you.
The orc priest invokes the aid of Beogh against you.
Beogh smites you!
* * * LOW HITPOINT WARNING * * *
You focus on the pain.
You feel very mighty all of a sudden.
The orc priest invokes the aid of Beogh against you.
Beogh smites you!
You die...

### ..# ## . #.###.
... #.#..
#.#..#####.#.#
....o.oo5@.#.####
...########.....#
#..##.##. #........
#..##.#########
#..##.##.......
#..#...#.......
...##..............
........[...........


You could see an orc priest, 2 orcs and a friendly ufetubus.

Vanquished Creatures
  Terence (D:2)
  A hound skeleton (D:4)
  3 gnolls
  2 adders (D:2)
  A dart slug (D:1)
  3 leopard geckos
  A ball python (D:3)
  9 bats
  3 giant cockroaches
  11 goblins
  2 hobgoblins
  3 jackals (D:3)
  4 frilled lizards
  9 kobolds
  A leopard gecko skeleton (D:4)
  3 rats
57 creatures vanquished.

Vanquished Creatures (collateral kills)
  Grinder (D:4)
1 creature vanquished.

Vanquished Creatures (others)
  2 starspawn tentacles (Abyss:3)
2 creatures vanquished.

Grand Total: 60 creatures vanquished

Notes
Turn   | Place    | Note
-------+----------+-------------------------------------------
     0 | Abyss:1  | McKennaii the Demonspawn Abyssal Knight began the quest for the Orb.
     0 | Abyss:1  | Reached XP level 1. HP: 18/18 MP: 2/2
    14 | Abyss:2  | Found a corrupted altar of Lugonu.
    64 | Abyss:3  | Found a corrupted altar of Lugonu.
    64 | Abyss:3  | Noticed an apocalypse crab
    64 | Abyss:3  | Noticed a tentacled starspawn
    64 | Abyss:3  | Noticed an entropy weaver
    74 | D:1      | Escaped the Abyss
    96 | D:1      | Reached * piety under Lugonu
   237 | D:1      | Gained mutation: You are partially covered in large bone plates. (SH +4) [demonic ancestry]
   237 | D:1      | Reached XP level 2. HP: 24/24 MP: 4/4
   479 | D:1      | Reached skill level 1 in Dodging
   600 | D:2      | Found a shadowy altar of Dithmenos.
   647 | D:2      | Gained mutation: You sometimes gain a little power by taking damage. [demonic ancestry]
   647 | D:2      | Reached XP level 3. HP: 23/29 MP: 5/5
  1019 | D:1      | Gained mutation: A weak demonic guardian rushes to your aid. [demonic ancestry]
  1019 | D:1      | Reached XP level 4. HP: 25/37 MP: 6/6
  1110 | D:2      | Found a basalt altar of Yredelemnul.
  1320 | D:2      | Noticed Terence
  1335 | D:2      | Killed Terence
  1452 | D:3      | Reached ** piety under Lugonu
  1458 | D:3      | Found a hide-covered altar of Uskayaw.
  1461 | D:3      | Noticed a dagger
  1462 | D:3      | Noticed a dagger
  1953 | D:4      | Noticed Grinder
  1966 | D:4      | Reached skill level 4 in Fighting
  1966 | D:4      | Gained mutation: You are mostly covered in large bone plates. (SH +6) [demonic ancestry]
  1966 | D:4      | Reached XP level 5. HP: 42/42 MP: 7/7
  1969 | D:4      | Paralysed by Grinder for 4 turns
  1981 | D:4      | Killed Grinder
  1981 | D:4      | Reached skill level 1 in Stealth
  2071 | D:4      | Killed from afar by an orc priest

Skill      XL: |  1  2  3  4  5 |
---------------+----------------+-----
Armour         | 2 |  2.9
Long Blades    | 2 3 |  3.7
Dodging        | 1 |  1.6
Invocations    | 3 |  3.0
Fighting       | 4 |  4.1
Stealth        | 1 |  1.0

Action                   |  1- 3 |  4- 6 || total
-------------------------+-------+-------++-------
Melee: Falchion          |    80 |   112 ||   192
Invok: Depart the Abyss  |     1 |       ||     1
  Use: Potion            |     4 |       ||     4
       Scroll            |     1 |     3 ||     4
 Stab: Distracted        |       |     1 ||     1
  Eat: Meat ration       |       |     1 ||     1
Armor: Leather armour    |    23 |    19 ||    42
       Ring mail         |       |    21 ||    21
Dodge: Dodged            |    50 |    61 ||   111
Block: Other             |    10 |    29 ||    39
       Rpst.: Falchion   |    16 |    19 ||    35
